 Dungeon Crawl Stone Soup version 0.22-a0-772-gac08f70 (webtiles) character file.

40 Amnesiac the Digger (level 3, 0/24 HPs)
             Began as a Demonspawn Earth Elementalist on July 17, 2018.
             Slain by a gnoll
             ... wielding a +0 flail
              (6 damage)
             ... on level 4 of the Dungeon.
             The game lasted 00:01:41 (459 turns).

Amnesiac the Digger (Demonspawn Earth Elementalist)  Turns: 459, Time: 00:01:42

Health: 0/24       AC:  2    Str:  8    XL:     3   Next: 30%
Magic:  0/6        EV: 16    Int: 17    God:
Gold:   52         SH:  0    Dex: 13    Spells: 5/6 levels left

rFire    . . .     SeeInvis .   b - +0 mace
rCold    + . .     Gourm    .   (no shield)
rNeg     . . .     Faith    .   c - +0 robe
rPois    .         Spirit   .   (no helmet)
rElec    .         Reflect  .   (no cloak)
rCorr    .         Harm     .   (no gloves)
MR       .....                  (no boots)
Stlth    ++........             (no amulet)
HPRegen  0.08/turn              e - +4 ring of evasion
MPRegen  0.10/turn              (no ring)

@: no status effects
A: cold resistance 1
a: no special abilities


You were on level 4 of the Dungeon.
You were not hungry.

You visited 1 branch of the dungeon, and saw 4 of its levels.

You collected 52 gold pieces.

Inventory:

Hand Weapons
 a - a +0 dagger
 b - a +0 mace (weapon)
Missiles
 g - 51 stones (quivered)
Armour
 c - a +0 robe (worn)
Jewellery
 e - a +4 ring of evasion (left hand)
Scrolls
 h - a scroll of enchant armour {!r, unknown}
Comestibles
 d - a ration
 i - a chunk of flesh


   Skills:
 + Level 2.2 Dodging
 - Level 2.0 Stealth
 + Level 2.3 Spellcasting
   Level 0.8 Transmutations
 * Level 3.3 Earth Magic


You had 5 spell levels left.
You knew the following spells:

 Your Spells              Type           Power        Failure   Level  Hunger
a - Sandblast             Erth           ##....       4%          1    #......

Your spell library contained the following spells:

 Spells                   Type           Power        Failure   Level  Hunger
 Stone Arrow              Conj/Erth      #.....       28%         3    ###....
 Passwall                 Tmut/Erth      #.......     12%         2    ##.....
 Lee's Rapid Deconstruct  Erth           ##........   78%         5    ######.
 Petrify                  Tmut/Erth      #.......     61%         4    #####..


Dungeon Overview and Level Annotations

Branches:
Dungeon (4/15)
 Temple: D:4-7

Altars:


Innate Abilities, Weirdness & Mutations

Your flesh is cold resistant. (rC+)


Message History

You kill the orc!
g - 56 stones The adder barely misses you.
Casting: Sandblast (safe; 4% risk of failure)
Confirm with . or Enter, or press ? or * to list all spells.
Aiming: Sandblast (safe; 4% risk of failure)
Press: ? - help, Shift-Dir - straight line, f/p - adder
Aim: an adder The blast of sand hits the adder.
The adder is almost dead.
g - 55 stones The adder closely misses you.
The adder bites you.
Casting: Sandblast (safe; 4% risk of failure)
Confirm with . or Enter, or press ? or * to list all spells.
Aiming: Sandblast (safe; 4% risk of failure)
Press: ? - help, Shift-Dir - straight line, f/p - adder
Aim: an adder (almost dead)
The blast of sand hits the adder.
You kill the adder!
g - 54 stones
Casting: Sandblast (safe; 4% risk of failure)
Confirm with . or Enter, or press ? or * to list all spells.
Aiming: Sandblast (safe; 4% risk of failure)
Press: ? - help, Shift-Dir - straight line, f - gnoll
Aim: a gnoll, wielding a flail The blast of sand hits the gnoll.
The gnoll is lightly wounded.
g - 53 stones The gnoll misses you.
Casting: Sandblast (safe; 4% risk of failure)
Confirm with . or Enter, or press ? or * to list all spells.
Aiming: Sandblast (safe; 4% risk of failure)
Press: ? - help, Shift-Dir - straight line, f/p - gnoll
Aim: a gnoll, wielding a flail (lightly wounded)
The blast of sand hits the gnoll.
The gnoll is lightly wounded.
g - 52 stones The gnoll hits you with a flail!
* * * LOW HITPOINT WARNING * * *
Casting: Sandblast (safe; 4% risk of failure)
Confirm with . or Enter, or press ? or * to list all spells.
Aiming: Sandblast (safe; 4% risk of failure)
Press: ? - help, Shift-Dir - straight line, f/p - gnoll
Aim: a gnoll, wielding a flail (lightly wounded)
The blast of sand hits the gnoll.
The gnoll is severely wounded.
g - 51 stones
Casting: Sandblast (safe; 4% risk of failure)
Confirm with . or Enter, or press ? or * to list all spells.
You don't have enough magic to cast that spell.
Casting: Sandblast (safe; 4% risk of failure)
Confirm with . or Enter, or press ? or * to list all spells.
You don't have enough magic to cast that spell.
Casting: Sandblast (safe; 4% risk of failure)
Confirm with . or Enter, or press ? or * to list all spells.
You don't have enough magic to cast that spell.
Casting: Sandblast (safe; 4% risk of failure)
Confirm with . or Enter, or press ? or * to list all spells.
You don't have enough magic to cast that spell.
Really read
f - a scroll labeled INAQOMN NOKIW {!r}?
As you read the scroll labeled INAQOMN NOKIW {!r}, it crumbles to dust.
You feel blessed for a moment.
It was a scroll of remove curse {!r}.
The gnoll hits you with a flail.
You die...

### #@# #g# #l#
.. #)# #.. #.#
#.# #)# #.# ####
#.#####.##.....
#......... ..
.#####.#####.##.#


You could see an iguana and a gnoll.

Vanquished Creatures
  3 adders
  A dart slug (D:1)
  2 orcs (D:4)
  A bat (D:3)
  A goblin (D:1)
  A hobgoblin (D:3)
  A kobold (D:1)
  A rat (D:1)
11 creatures vanquished.

Notes
Turn   | Place    | Note
-------+----------+-------------------------------------------
     0 | D:1      | Amnesiac the Demonspawn Earth Elementalist began the quest for the Orb.
     0 | D:1      | Reached XP level 1. HP: 13/13 MP: 3/3
   203 | D:3      | Reached skill level 3 in Earth Magic
   203 | D:3      | Gained mutation: Your flesh is cold resistant. (rC+) [demonic ancestry]
   203 | D:3      | Reached XP level 2. HP: 19/19 MP: 1/5
   448 | D:4      | Reached XP level 3. HP: 24/24 MP: 6/6
   459 | D:4      | Slain by a gnoll

Vault maps used:
D:1:      eino_arrival_cavern_c, minmay_misc_feat_room
D:2:      uniq_robin
D:3:      okawaru_trees_1, uniq_natasha
D:4:      minmay_temple_entry_butterflies, ebering_ghost_sewer_f

Skill      XL: |  1 |
---------------+----+-----
Dodging        | 2 |  2.2
Stealth        | 2 |  2.0
Earth Magic    | 3 |  3.3
Spellcasting   | |  2.3
Transmutations | |  0.8

Action                   || total
-------------------------++-------
Melee: Unarmed           ||    10
       Mace              ||     2
 Cast: Sandblast         ||    20
  Use: Scroll            ||     1
 Stab: Sleeping          ||     1
Armor: Robe              ||     2
Dodge: Dodged            ||    20

Table legend:
 A = Spawn XP
 B = Non-spawn XP
 C = Spawn XP percentage of total XP
 D = Spawn monster count
 E = Non-spawn monster count
 F = Spawn count percentage of total count
 G = Total turns spent on level
                    A         B        C        D         E        F      G
               +---------+---------+-------+---------+---------+-------+---------
         Total |       0 |      58 |   0.0 |       0 |      11 |   0.0 |   459
               +---------+---------+-------+---------+---------+-------+---------
           D:1 |       0 |       9 |   0.0 |       0 |       4 |   0.0 |   169
           D:3 |       0 |      17 |   0.0 |       0 |       3 |   0.0 |   130
           D:4 |       0 |      32 |   0.0 |       0 |       4 |   0.0 |   133
               +---------+---------+-------+---------+---------+-------+---------
